Map: 2000 Atmospheres LE

Players

A.I. 1 (Elite)

  • Race: Protoss Protoss

joan - Winner!

  • Race: Protoss Protoss

VOD

Have the link to the VOD?

Description

Time

  • Played on: May 18, 2021, 9:41 p.m.
  • Length: 14:52
Show
View Real Time Build Order
Export as new Build Order

A.I. 1 (Elite) Protoss 

Build Orders: 1 Gate Expand, Zealot Archon, Colossus Rush 

Get SALT Encoding   

  12  0:00  Probe  
  13  0:13  Probe  
  14  0:19  Pylon  
  14  0:25  Probe  
  15  0:34  Probe  
  15  0:42  Probe  
  17  0:50  Gateway  
  17  0:52  Probe  
  18  1:00  Probe  
  19  1:15  Nexus  
  19  1:16  Probe  
  20  1:28  Probe  
  21  1:37  Pylon  
  21  1:39  Zealot  
  23  1:46  Cybernetics Core  
  23  1:49  Assimilator  
  23  1:55  Probe  
  24  2:03  Probe  
  25  2:11  Probe  
  26  2:19  Probe  
  26  2:24  Pylon  
  26  2:26  Probe  
  26  2:27  Probe  
  28  2:34  Warp Gate  
  28  2:36  Gateway  
  29  2:40  Probe  
  29  2:41  Assimilator  
  30  2:53  Pylon, Stalker  
  30  2:54  Probe  
  30  2:56  Probe  
  34  3:05  Probe  
  34  3:06  Probe  
  36  3:15  Adept  
  36  3:17  Probe  
  36  3:18  Probe  
  37  3:22  Adept  
  42  3:30  Robotics Facility  
  42  3:31  Probe  
  42  3:33  Probe  
  44  3:43  Adept  
  44  3:44  Probe  
  44  3:45  Probe  
  48  3:52  Adept  
  50  3:56  Probe  
  50  3:57  Probe  
  52  4:03  Adept, Pylon  
  52  4:08  Probe  
  52  4:09  Probe  
  56  4:18  Pylon  
  56  4:20  Probe  
  56  4:22  Robotics Bay  
  57  4:26  Gateway  
  57  4:29  Observer  
  57  4:30  Adept  
  60  4:33  Probe  
  60  4:35  Probe  
  60  4:36  Pylon  
  62  4:51  Robotics Facility  
  62  4:58  Stalker  
  62  4:59  Pylon  
  64  5:00  Zealot  
  66  5:13  Pylon  
  66  5:14  Gateway  
  66  5:19  Stalker  
  66  5:20  Zealot x2  
  72  5:35  Zealot  
  74  5:38  Colossus  
  74  5:44  Probe  
  74  5:45  Pylon  
  81  6:00  Nexus  
  81  6:02  Assimilator  
  81  6:06  Forge  
  81  6:11  Twilight Council  
  81  6:13  Assimilator  
  81  6:15  Forge  
  81  6:24  Probe  
  82  6:26  Pylon  
  82  6:34  Probe  
  82  6:35  Probe  
  84  6:46  Photon Cannon  
  84  6:47  Probe  
  84  6:50  Templar Archives  
  84  6:52  Pylon  
  85  6:56  Warp Prism, Stalker  
  89  7:06  Sentry, Warp Prism  
  93  7:12  Probe  
  93  7:13  Probe x2  
  96  7:16  Photon Cannon  
  96  7:21  Probe  
  96  7:24  Sentry, Probe, Stalker  
  96  7:25  Assimilator, Probe  
  96  7:26  Pylon  
  96  7:28  Assimilator, High Templar  
  96  7:29  Probe  
  105  7:34  High Templar  
  105  7:37  Probe x2  
  109  7:38  Probe  
  111  7:44  Stalker  
  111  7:45  Probe  
  111  7:47  Photon Cannon, Stalker  
  111  7:49  Pylon, Probe  
  111  7:50  Probe  
  118  7:52  Archon  
  118  7:54  Probe  
  119  8:00  High Templar  
  119  8:01  Probe  
  119  8:02  Probe  
  119  8:05  Protoss Ground Weapons Level 1  
  123  8:06  Probe  
  123  8:07  Stalker  
  123  8:09  High Templar  
  123  8:10  Probe  
  123  8:12  Photon Cannon  
  128  8:13  Probe  
  128  8:14  Photon Cannon  
  128  8:18  Probe  
  131  8:20  Protoss Ground Armor Level 1  
  131  8:23  Archon  
  131  8:31  High Templar  
  133  8:38  Gateway  
  133  8:40  High Templar  
  135  8:41  Nexus  
  135  8:43  Stalker  
  137  8:53  High Templar, Archon  
  139  8:58  Stalker  
  139  8:59  Pylon  
  141  9:03  Stalker  
  141  9:09  Immortal  
  143  9:12  Zealot  
  143  9:15  Colossus  
  143  9:16  Zealot  
  147  9:19  Photon Cannon  
  147  9:23  Immortal, Zealot  
  157  9:26  High Templar, Pylon  
  159  9:32  Zealot, Stalker  
  159  9:33  Archon  
  159  9:36  High Templar  
  165  9:39  Photon Cannon  
  165  9:44  Zealot  
  166  9:47  Observer, Pylon  
  167  9:53  Zealot  
  167  9:55  High Templar  
  167  9:58  Zealot  
  167  9:59  Probe  
  170  10:03  Observer  
  170  10:04  Zealot  
  158  10:08  Observer, High Templar  
  158  10:13  Zealot  
  147  10:16  Nexus, Pylon  
  147  10:18  Zealot  
  147  10:20  Probe x2  
  132  10:22  Probe  
  132  10:24  Zealot  
  132  10:26  Zealot  
  123  10:29  Probe  
  123  10:32  Probe  
  123  10:33  Zealot  
  123  10:34  Probe  
  123  10:35  Photon Cannon  
  119  10:37  Probe  
  119  10:39  Zealot  
  119  10:40  Zealot  
  119  10:41  Zealot  
  112  10:44  Zealot, Probe  
  112  10:46  Probe x2  
  106  10:53  Assimilator, Zealot  
  106  10:57  Probe  
  104  10:59  Zealot  
  104  11:01  Probe  
  107  11:05  Probe  
  107  11:08  Templar Archives  
  107  11:09  Probe  
  109  11:13  Probe  
  110  11:21  Adept, Probe x2  
  110  11:22  Adept  
  116  11:26  Stalker, Probe  
  116  11:28  Probe  
  120  11:33  Probe  
  120  11:35  Probe  
  120  11:36  Probe  
  120  11:38  Probe  
  123  11:45  High Templar, Probe  
  127  11:47  Probe  
  127  11:50  Probe x2  
  127  11:53  Probe  
  128  11:57  Zealot  
  128  11:59  Probe  
  126  12:02  Probe x2  
  126  12:04  Probe  
  119  12:10  Zealot  
  119  12:12  Probe  
  119  12:14  Probe  
  115  12:15  Zealot  
  115  12:16  Probe  
  115  12:18  Probe  
  115  12:21  Probe  
  115  12:22  Zealot  
  111  12:24  Probe  
  111  12:25  Sentry  
  111  12:28  Probe  
  98  12:30  Probe  
  98  12:31  High Templar  
  98  12:33  Stalker  
  85  12:37  Stalker  
  85  12:43  Adept  
  81  12:46  Probe  
  81  12:47  Probe  
  81  12:48  High Templar  
  81  12:49  Probe  
  80  12:53  Probe  
  80  12:55  Probe  
  80  12:56  Adept  
  80  12:57  Probe  
  76  13:00  Stalker  
  76  13:01  Probe  
  76  13:05  Zealot  
  63  13:12  High Templar  
  45  13:23  High Templar  
  35  13:41  High Templar  
  25  13:42  High Templar  
Show
View Real Time Build Order
Export as new Build Order

joan Protoss - Winner!

Build Orders: 1 Gate Expand, Double Forge, Archon Immortal 

Get SALT Encoding   

  12  0:00  Probe  
  13  0:12  Probe  
  14  0:17  Pylon  
  14  0:24  Probe (Chrono Boost)  
  16  0:36  Gateway  
  16  0:37  Probe (Chrono Boost)  
  16  0:42  Probe (Chrono Boost)  
  16  0:46  Assimilator  
  17  0:51  Probe  
  18  1:03  Probe  
  19  1:15  Probe  
  20  1:22  Nexus  
  20  1:32  Cybernetics Core  
  20  1:34  Probe  
  21  1:42  Assimilator  
  21  1:46  Probe  
  22  1:49  Pylon  
  22  1:58  Probe  
  23  2:08  Warp Gate  
  23  2:09  Stalker  
  23  2:10  Probe  
  26  2:21  Gateway  
  26  2:22  Probe  
  27  2:29  Robotics Facility  
  28  2:38  Probe x2 (Chrono Boost)  
  29  2:46  Stalker  
  29  2:49  Probe (Chrono Boost)  
  29  2:50  Probe (Chrono Boost)  
  33  2:55  Probe  
  34  2:59  Probe  
  35  3:07  Probe  
  35  3:08  Stalker  
  35  3:11  Probe  
  39  3:15  Pylon  
  39  3:16  Observer  
  39  3:19  Probe  
  41  3:23  Probe  
  41  3:24  Stalker  
  44  3:31  Probe  
  45  3:35  Probe  
  45  3:37  Pylon  
  46  3:43  Observer, Probe  
  46  3:48  Nexus  
  48  3:51  Pylon  
  48  3:56  Probe  
  48  3:57  Probe  
  48  3:59  Stalker  
  52  4:03  Stalker  
  52  4:08  Probe  
  52  4:09  Probe  
  56  4:11  Assimilator  
  56  4:14  Assimilator  
  56  4:21  Immortal, Probe x2  
  62  4:30  Stalker  
  64  4:33  Probe  
  65  4:39  Probe  
  65  4:40  Stalker  
  65  4:45  Pylon  
  68  4:47  Forge  
  68  4:49  Pylon  
  68  4:50  Forge  
  68  4:55  Twilight Council  
  68  5:01  Probe (Chrono Boost)  
  68  5:06  Sentry, Probe x2 (Chrono Boost)  
  73  5:07  Sentry  
  73  5:11  Probe (Chrono Boost)  
  76  5:14  Immortal  
  76  5:16  Probe x3 (Chrono Boost)  
  76  5:19  Protoss Ground Armor Level 1 (Chrono Boost)  
  83  5:27  Probe x3  
  86  5:36  Pylon  
  86  5:38  Stalker  
  86  5:39  Probe x3  
  86  5:40  Sentry  
  93  5:51  Probe x2  
  93  5:54  Immortal  
  99  5:58  Nexus  
  99  6:01  Assimilator  
  99  6:02  Probe  
  99  6:04  Probe  
  101  6:06  Assimilator  
  101  6:09  Templar Archives  
  101  6:12  Stalker  
  101  6:15  Stalker  
  101  6:16  Probe (Chrono Boost)  
  108  6:19  Probe x2 (Chrono Boost)  
  108  6:22  Charge (Chrono Boost), Protoss Ground Weapons Level 1 (Chrono Boost)  
  108  6:27  Pylon  
  108  6:28  Probe (Chrono Boost)  
  108  6:29  Pylon  
  108  6:31  Pylon  
  109  6:41  Pylon  
  109  6:42  Pylon  
  109  6:45  Pylon, Probe x2  
  111  6:47  Probe  
  111  6:50  Pylon  
  111  6:53  Pylon  
  112  6:55  Stalker  
  112  6:56  Stalker  
  112  6:57  Probe x2  
  112  6:59  Probe  
  119  7:05  Protoss Ground Armor Level 2 (Chrono Boost)  
  119  7:09  Assimilator, Immortal, Probe x2  
  119  7:13  Assimilator  
  119  7:14  Gateway  
  125  7:17  Gateway  
  125  7:18  Pylon  
  125  7:25  Gateway  
  125  7:26  High Templar x2, Gateway  
  129  7:34  Archon  
  129  7:38  Probe  
  129  7:39  Probe x3  
  133  7:46  Gateway  
  133  7:47  Gateway  
  133  7:49  Gateway x2  
  133  7:50  Probe  
  133  7:51  Probe x3  
  137  7:52  Immortal  
  137  7:57  Pylon  
  141  7:58  High Templar  
  141  7:59  High Templar  
  141  8:03  Archon, Probe  
  146  8:13  Probe  
  146  8:14  High Templar x2  
  146  8:15  Protoss Ground Weapons Level 2 (Chrono Boost)  
  146  8:19  Archon  
  151  8:35  High Templar  
  151  8:36  High Templar x2  
  151  8:38  Zealot  
  151  8:40  Archon  
  151  8:41  Nexus  
  159  8:43  Pylon  
  159  8:46  Pylon, Zealot x6  
  171  8:48  Assimilator  
  171  8:53  Warp Prism  
  173  9:02  High Templar  
  175  9:08  High Templar  
  175  9:09  High Templar x2  
  181  9:10  Zealot  
  181  9:11  Zealot x5  
  193  9:29  Warp Prism  
  195  9:35  Archon  
  195  9:36  Assimilator  
  195  9:39  Protoss Ground Armor Level 3 (Chrono Boost)  
  195  9:46  Gateway  
  195  9:48  Gateway  
  195  9:52  Gateway  
  195  9:53  Gateway  
  195  9:55  Robotics Facility  
  195  9:56  Gateway  
  195  9:58  Gateway  
  195  9:59  Gateway x2  
  195  10:00  Gateway  
  195  10:04  Immortal (Chrono Boost)  
  189  10:10  Zealot  
  189  10:11  Gateway, Zealot x3  
  189  10:13  Gateway  
  195  10:15  Archon  
  195  10:16  High Templar  
  175  10:21  Archon  
  175  10:25  Zealot  
  175  10:26  Zealot x4  
  155  10:36  Zealot x4  
  133  10:54  Nexus  
  133  10:55  Gateway  
  115  10:57  Gateway, Pylon  
  115  10:59  Gateway  
  115  11:00  Gateway, Pylon  
  115  11:02  Pylon  
  115  11:03  Assimilator, Gateway x2  
  113  11:05  Gateway x2  
  113  11:06  Gateway  
  113  11:07  Gateway  
  113  11:08  Assimilator  
  113  11:10  Gateway  
  113  11:11  Immortal, Zealot  
  117  11:12  Gateway, Zealot x5  
  117  11:15  High Templar x3  
  117  11:17  High Templar, Gateway  
  137  11:18  High Templar x2  
  137  11:19  High Templar  
  137  11:22  High Templar x3  
  137  11:24  High Templar x2  
  153  11:25  High Templar  
  153  11:26  High Templar  
  153  11:28  High Templar  
  153  11:30  Archon x4  
  153  11:31  Archon x2  
  153  11:32  High Templar, Archon  
  161  11:33  High Templar  
  161  11:34  High Templar  
  161  11:37  Archon  
  161  11:39  Archon  
  163  11:51  Zealot  
  163  11:52  Zealot x7  
  163  11:53  Zealot  
  179  12:00  High Templar  
  179  12:01  High Templar x4  
  179  12:03  Zealot x3  
  179  12:04  Zealot x2  
  179  12:06  Archon x2  
  179  12:07  High Templar  
  158  12:19  Zealot x5  
  158  12:20  Zealot  
  157  12:28  Stalker x5  
  161  12:33  High Templar  
  161  12:35  High Templar  
  161  12:36  High Templar  
  161  12:37  Archon  
  161  12:42  Zealot x6  
  173  12:49  Zealot x3  
  173  12:50  Zealot  
  181  13:04  Probe  
  181  13:05  Probe x4  
  182  13:19  Pylon  
  178  13:25  Pylon  
  178  13:26  Zealot x6  
  178  13:27  Zealot x6  
  198  13:46  Warp Prism  
  198  14:12  Photon Cannon  
  198  14:14  Photon Cannon  
  198  14:15  Photon Cannon  
  198  14:17  Photon Cannon  
  198  14:18  Photon Cannon  
  198  14:19  Photon Cannon  
  198  14:21  Photon Cannon  
  198  14:23  Photon Cannon  
  198  14:24  Photon Cannon, Archon  
  198  14:28  Photon Cannon  
  198  14:30  Zealot  
  200  14:32  Shield Battery  
  200  14:39  Photon Cannon  
  200  14:40  Photon Cannon  
  200  14:42  Photon Cannon  
  200  14:44  Photon Cannon  
  200  14:47  Photon Cannon  
  200  14:48  Shield Battery  
  200  14:49  Photon Cannon  
  200  14:50  Photon Cannon  
  200  14:51  Photon Cannon  
Tags
 
Add a new tag
Caveats
  • Supply blocks, unpowered buildings, or Contaminate may cause inaccurate times.
  • Supply counts are checked every 10 seconds.